 Dungeon Crawl Stone Soup version 0.28-a0-793-g31680bbd8b (webtiles) character file.

Game seed: 18005968848892873981

540 kae the Chopper (level 7, 0/61 HPs)
             Began as a Hill Orc Cinder Acolyte on Nov 3, 2021.
             Was a High Priest of Ignis.
             Slain by a black bear (4 damage)
             ... on level 5 of the Dungeon.
             The game lasted 00:03:42 (6161 turns).

kae the Chopper (Hill Orc Cinder Acolyte)           Turns: 6161, Time: 00:03:42

Health: 0/61       AC:  3    Str: 19    XL:     7   Next: 26%
Magic:  6/10       EV: 11    Int: 14    God:    Ignis [*****.]
Gold:   237        SH:  0    Dex:  9    Spells: 8/10 levels left

rFire   + . .      SeeInvis +   a - +1 hand axe (flame)
rCold   . . .      Faith    .   (no shield)
rNeg    . . .      Spirit   .   b - +0 robe
rPois   +          Reflect  .   j - +0 helmet {SInv}
rElec   +          Harm     .   (no cloak)
rCorr   .          Rampage  .   (no gloves)
Will    .....                   (no boots)
Stlth   +.........              (no amulet)
HPRegen 0.20/turn               c - ring "Fanlyigh" {rElec rPois Dex+3}
MPRegen 0.12/turn               (no ring)

@: no status effects
A: no striking features
a: Renounce Religion, Sea of Fire, Foxfire Swarm, Rising Flame


You were on level 5 of the Dungeon.
You worshipped Ignis.
Ignis was extremely pleased with you.
You visited 1 branch of the dungeon, and saw 5 of its levels.

You collected 237 gold pieces.

Inventory:

Hand Weapons
 a - a +1 hand axe of flaming (weapon)
Armour
 b - a +0 robe (worn)
 j - a +0 helmet of see invisible (worn)
Jewellery
 c - the ring "Fanlyigh" (left hand) {rElec rPois Dex+3}
   (You acquired it on level 1 of the Dungeon)

   [ring of poison resistance]

   Dex:       It affects your dexterity (+3).
   rElec:     It insulates you from electricity.
   rPois:     It protects you from poison.
Potions
 d - a potion of curing
 f - 2 potions of degeneration
 g - 2 potions of ambrosia
 h - a potion of flight {unknown}
 i - 2 potions of berserk rage {unknown}


   Skills:
 + Level 5.4 Fighting
 * Level 7.4 Axes
 + Level 2.4 Spellcasting
 + Level 4.9 Fire Magic


You had 8 spell levels left.
You knew the following spells:

 Your Spells              Type           Power      Damage    Failure   Level
a - Scorch                Fire           30%        2d7       4%          2

Your spell library contained the following spells:

 Spells                   Type           Power      Damage    Failure   Level
 Summon Lightning Spire   Summ/Air       1%         N/A       92%         4
 Storm Form               Tmut/Air       0%         N/A       100%        7
 Maxwell's Capacitive Co  Air            0%         ∞         100%        8
 Chain Lightning          Conj/Air       0%         2d1       100%        9
 Fire Storm               Conj/Fire      4%         8d1       100%        9
 Shatter                  Erth           0%         3d5*      100%        9


Dungeon Overview and Level Annotations

Branches:
Dungeon (5/15)
 Temple: D:4-7

Altars:
Nemelex Xobeh

Portals:
Abyss: D:4

Annotations:
D:4 2 transporters, sn0wgr3's ghost, weakling DDDe


Message History

The black bear barely misses you.
You completely miss the black bear.
The black bear is moderately wounded.
The black bear bites you. The black bear closely misses you. x2
You hit the black bear. You burn the black bear.
The black bear is heavily wounded.
The black bear closely misses you. The black bear claws you. x2
You hit the black bear. You burn the black bear.
The black bear is severely wounded.
The black bear bites you!
The black bear claws you but does no damage. x2
You are too injured to fight recklessly!
You are too injured to fight recklessly!
You are too injured to fight recklessly!
You are too injured to fight recklessly!
Casting: Scorch (safe; 4% risk of failure)
Confirm with . or Enter, or press ? or * to list all spells.
Flames lash the black bear.
The black bear is almost dead.
The black bear's fire resistance burns away.
The black bear goes berserk!
The black bear bites you! The black bear closely misses you.
The black bear claws you. The black bear bites you!
* * * LOW HITPOINT WARNING * * *
The black bear claws you but does no damage.
The black bear closely misses you.
Casting: Scorch (safe; 4% risk of failure)
Confirm with . or Enter, or press ? or * to list all spells.
Flames lash the black bear.
The black bear is burned terribly!
The black bear is almost dead.
The black bear bites you.
* * * LOW HITPOINT WARNING * * *
The black bear claws you.
* * * LOW HITPOINT WARNING * * *
The black bear claws you.
* * * LOW HITPOINT WARNING * * *
The black bear closely misses you. x2
The black bear claws you but does no damage.
The black bear bites you.
You die...

..# #..#######
.........#
.........#
.).......# #
.(.......# .#
.......<.# ..#
.........###...#
..........@h...#
.........###...#
.......... ..#
..........# ##
#######....
##.... #.... ##


You could see a black bear (berserk, combustible).

Vanquished Creatures
  A bullfrog (D:3)
  2 scorpions (D:4)
  A water moccasin skeleton (D:4)
  A hound (D:3)
  An orc priest (D:4)
  Jessica (D:2)
  3 iguanas (D:4)
  5 adders
  2 worms (D:2)
  3 dart slugs (D:1)
  8 orcs
  12 bats
  5 endoplasms
  2 giant cockroaches (D:1)
  16 goblins
  8 hobgoblins
  3 jackals (D:3)
  4 kobolds
  2 quokkas (D:1)
  7 ball pythons
  3 frilled lizards
  2 rats
92 creatures vanquished.

Vanquished Creatures (others)
  41 plants (D:1)
41 creatures vanquished.

Grand Total: 133 creatures vanquished

Notes
Turn   | Place    | Note
-------+----------+-------------------------------------------
     0 | D:1      | kae the Hill Orc Cinder Acolyte began the quest for the
                  | Orb.
     0 | D:1      | Reached XP level 1. HP: 19/19 MP: 2/2
   482 | D:1      | Found a faded altar of an unknown god.
   486 | D:1      | Reached XP level 2. HP: 24/27 MP: 3/3
  1009 | D:1      | Reached XP level 3. HP: 31/33 MP: 4/4
  1953 | D:1      | Identified a scroll of acquirement
  1954 | D:1      | Acquired the ring "Fanlyigh" {rElec rPois Dex+3}
  2106 | D:2      | Learned a level 2 spell: Scorch
  2193 | D:2      | Found a sparkling altar of Nemelex Xobeh.
  2210 | D:2      | Reached skill level 5 in Axes
  2402 | D:2      | Noticed Jessica
  2406 | D:2      | Killed Jessica
  2407 | D:2      | Reached XP level 4. HP: 40/40 MP: 1/6
  3208 | D:2      | HP: 2/40 [cloud of flame (12)]
  3644 | D:3      | Reached XP level 5. HP: 38/47 MP: 0/7
  3738 | D:3      | Reached skill level 6 in Axes
  4358 | D:3      | Reached XP level 6. HP: 48/53 MP: 9/9
  4844 | D:4      | Noticed a small abomination
  4873 | D:4      | Found a transporter.
  4977 | D:4      | Found a transporter.
  4982 | D:4      | Found a one-way gate to the infinite horrors of the Abyss.
  4982 | D:4      | Noticed sn0wgr3's ghost (weakling DDDe)
  5026 | D:4      | Reached skill level 5 in Fighting
  5339 | D:4      | Reached skill level 7 in Axes
  5339 | D:4      | Reached XP level 7. HP: 42/61 MP: 3/10
  6146 | D:5      | Entered Level 5 of the Dungeon
  6161 | D:5      | Slain by a black bear

Illustrated notes

Levels and vault maps discovered:
D:1:      roderic_crop_circles_arrival_small, layout_loops_corners,
          hellmonk_ecumenical_altar_inner_sanctum, patterned_corridor
D:2:      layout_basic, basic_altar, uniq_jessica
D:3:      kennysheep_goblin_castle, layout_rooms, minmay_crystal_room
D:4:      layout_basic, gammafunk_ghost_abyssal_escape,
          kennysheep_generic_room_2
D:5:      layout_rooms

Skill      XL: |  1  2  3  4  5  6 |
---------------+-------------------+-----
Fighting       | 4 5 |  5.4
Axes           | 5 6 7 |  7.4
Fire Magic     | 4 |  4.9
Spellcasting   | 2 |  2.4

Action                   |  1- 3 |  4- 6 |  7- 9 || total
-------------------------+-------+-------+-------++-------
Melee: Hand axe          |   176 |    62 |    16 ||   254
 Cast: Scorch            |     6 |    46 |    10 ||    62
  Use: Scroll            |     5 |     4 |     3 ||    12
Armor: Robe              |    28 |    20 |     7 ||    55
Dodge: Dodged            |    65 |    75 |    21 ||   161

Table legend: (Time is in decaauts)
 A = Elapsed time spent in this place.
 B = Non-inter-level travel time spent in this place.
 C = Inter-level travel time spent in this place.
 D = Time resting spent in this place.
 E = Time spent auto-exploring this place.
 F = Levels seen in this place.
 G = Mean time per level.
                   A        B        C        D        E       F      G
               +--------+--------+--------+--------+--------+-----+--------+
         Total |   6172 |   6004 |    168 |    859 |   4363 |   5 | 1234.4 |
       Dungeon |   6172 |   6004 |    168 |    859 |   4363 |   5 | 1234.4 |
               +--------+--------+--------+--------+--------+-----+--------+

Top non-repeatable levels by time:
     D:1: 1986 daAuts
     D:2: 1534 daAuts
     D:4: 1464 daAuts
     D:3: 1172 daAuts
     D:5: 14 daAuts
